 Dungeon Crawl Stone Soup version 0.32-a0-913-g739538afd8 (webtiles) character file.

Game seed: 683584457068957252

90 Revguard the Trooper (level 4, -2/28 HPs)
             Began as a Vampire Fighter on Apr 9, 2024.
             Slain by a gnoll bouda
             ... wielding a +0 club
              (6 damage)
             ... on level 4 of the Dungeon.
             The game lasted 00:05:52 (3009 turns).

Revguard the Trooper (Vampire Fighter)              Turns: 3009, Time: 00:05:52

Health: -2/28      AC:  7    Str: 15    XL:     4   Next: 32%
Magic:  4/4        EV:  8    Int: 10    God:
Gold:   205        SH:  4    Dex: 15    Spells: 3/3 levels left

rFire   . . .        a - +0 long sword
rCold   + + .        c - +0 buckler
rNeg    + + +        b - +0 scale mail
rPois   ∞            (no helmet)
rElec   .            (no cloak)
rCorr   .            (no gloves)
SInv    +            j - +0 pair of boots
Will    .....        (no amulet)
Stlth   ++           (no ring)
HPRegen 0.00/turn    (no ring)
MPRegen 0.09/turn

%: no passive effects
@: weakened, bloodless, inhibited regen
A: bloodless, fangs 3, see invisible, vampiric 2
a: Bat Form, Revivify


You were on level 4 of the Dungeon.
You visited 1 branch of the dungeon, and saw 4 of its levels.

You collected 205 gold pieces.

Inventory:

Hand Weapons
 a - a +0 long sword (weapon)
Armour
 b - a +0 scale mail (worn)
 c - a +0 buckler (worn)
 j - a +0 pair of boots (worn)
Jewellery
 n - an amulet of faith
Scrolls
 e - a scroll of identify {unknown}
 f - 2 scrolls of fog {unknown}
 g - a scroll of butterflies {unknown}
 h - a scroll of silence {unknown}
 l - a scroll of blinking {unknown}
 o - a scroll of vulnerability {unknown}
 q - a scroll of poison {unknown}
Potions
 d - a potion of might
 i - a potion of attraction
 k - a potion of haste
 m - a potion of curing {unknown}
 p - a potion of cancellation {unknown}
 r - a potion of invisibility {unknown}


   Skills:
 + Level 3.2 Fighting
 + Level 2.6 Long Blades
 + Level 2.8 Armour
 + Level 1.3 Dodging
 + Level 3.1 Shields
 + Level 1.1 Evocations


You had 3 spell levels left.
You didn't know any spells.
Your spell library was empty.

Dungeon Overview and Level Annotations

Branches:
Dungeon (4/15)
 Temple: D:4-7

Altars:
Ashenzari
Qazlal
Ru


Innate Abilities, Weirdness & Mutations

You do not regenerate when monsters are visible.
You are frail without blood (-20% HP).
You can heal yourself when you bite living creatures.
You are immune to poison.
You have razor-sharp teeth.
You have supernaturally acute eyesight. (SInv)
You are afflicted with vampirism and can become a bat while bloodless.


Message History

You slash the ball python!
You kill the ball python!
The gnoll bouda barks out a call to the hunt!
The gnoll picks up the pace!
You hear a shout!
You hit the gnoll bouda.
The gnoll bouda is moderately wounded.
The gnoll hits you but does no damage.
The gnoll bouda hits you with a +0 club.
The gnoll hits you but does no damage.
The gnoll bouda hits you but does no damage.
You begin bloodletting.
You continue bloodletting.
You block the gnoll's attack.
The gnoll bouda hits you with a +0 club.
You continue bloodletting.
The gnoll hits you from afar with a +0 spear.
The gnoll bouda completely misses you.
You continue bloodletting.
You block the gnoll's attack.
The gnoll bouda gazes fiercely through you!
You feel your attacks grow feeble.
The gnoll bouda hits you with a +0 club.
You continue bloodletting.
The gnoll barely misses you. The gnoll bouda barely misses you.
You continue bloodletting.
The gnoll hits you from afar with a +0 spear.
The gnoll bouda hits you with a +0 club.
You become bloodless.
You barely miss the gnoll bouda.
The gnoll bouda is moderately wounded.
The gnoll hits you but does no damage. The gnoll bouda misses you.
You hit the gnoll bouda but do no damage.
The gnoll bouda is moderately wounded.
The gnoll misses you. The gnoll bouda closely misses you.
The gnoll hits you from afar with a +0 spear!
* * * LOW HITPOINT WARNING * * *
The gnoll bouda gazes fiercely through you!
You feel as though you will be weak longer.
The gnoll bouda hits you with a +0 club.
You die...

.~~≈≈≈≈≈≈≈~~...
..~≈≈≈≈≈≈≈~..######+###
#g.~≈~≈~~~............#
#.g.~~~..............#
#...g.##...........#
#.gg# #....<......#
###g# #...........# #g#
#...........#
#@########..#...#
#.........#######
#.........# #.........#
#.........# #.........#
#.........# #.........#
...........


You could see a gnoll bouda and 4 gnolls.

Vanquished Creatures
  An adder (D:2)
  2 ribbon worms
  2 dart slugs
  9 ball pythons
  8 endoplasms
  2 giant cockroaches
  7 goblins
  9 hobgoblins
  A jackal (D:2)
  7 kobolds
  A quokka (D:2)
  5 bats
  3 frilled lizards
  7 rats
64 creatures vanquished.

Notes
Turn   | Place    | Note
-------+----------+-------------------------------------------
     0 | D:1      | Revguard the Vampire Fighter began the quest for the Orb.
     0 | D:1      | Reached XP level 1. HP: 17/17 MP: 1/1
   140 | D:1      | Reached XP level 2. HP: 23/23 MP: 2/2
   273 | D:1      | Found a faded altar of an unknown god.
  1162 | D:2      | Gained mutation: You are afflicted with vampirism and can
                  | become a bat while bloodless. [Vampire growth]
  1162 | D:2      | Reached XP level 3. HP: 28/28 MP: 3/3
  1220 | D:2      | Reached skill level 1 in Dodging
  1365 | D:2      | Reached skill level 1 in Evocations
  1801 | D:2      | Reached XP level 4. HP: 35/35 MP: 4/4
  2117 | D:3      | Found a broken altar of Ashenzari.
  2492 | D:3      | Found a stormy altar of Qazlal.
  2737 | D:3      | Found a sacrificial altar of Ru.
  3009 | D:4      | Slain by a gnoll bouda

Illustrated notes

Levels and vault maps discovered:
D:1:      dpeg_arrival_pits, layout_basic,
          hellmonk_ecumenical_altar_leap_of_faith
D:2:      minmay_razor_zed, layout_loops_corners, grunt_decor_mini_mirrors,
          eino_tiny_chamber
D:3:      layout_loops_corners, nicolae_ashenzari_panopticon,
          nicolae_qazlal_scattered_showers, mainiacjoe_overflow_alcove_2
D:4:      layout_gridville, fedhas_ov_isle_minmay,
          worldfamousw_hep_ancestral_shrine, mainiacjoe_overflow_tiny_flanked

Skill      XL: |  1  2  3 |
---------------+----------+-----
Fighting       | 3 |  3.2
Dodging        | 1 |  1.3
Evocations     | 1 |  1.1
Shields        | 3 |  3.1
Long Blades    | |  2.6
Armour         | |  2.8

Action                     |  1- 3 |  4- 6 || total
---------------------------+-------+-------++-------
  Melee: Long sword        |   125 |    59 ||   184
         Bite              |     9 |     9 ||    18
Ability: Exsanguinate      |       |     1 ||     1
    Use: Potion            |       |     4 ||     4
 Armour: Scale mail        |   140 |    55 ||   195
  Dodge: Dodged            |    46 |    25 ||    71
  Block: Buckler           |    46 |    15 ||    61

Table legend: (Time is in decaauts)
 A = Elapsed time spent in this place.
 B = Non-inter-level travel time spent in this place.
 C = Inter-level travel time spent in this place.
 D = Time resting spent in this place.
 E = Time spent auto-exploring this place.
 F = Levels seen in this place.
 G = Mean time per level.
                   A        B        C        D        E       F      G
               +--------+--------+--------+--------+--------+-----+--------+
         Total |   3048 |   2860 |    188 |     19 |   2260 |   4 |  762.0 |
       Dungeon |   3048 |   2860 |    188 |     19 |   2260 |   4 |  762.0 |
               +--------+--------+--------+--------+--------+-----+--------+

Top non-repeatable levels by time:
     D:2: 1180 daAuts
     D:1: 940 daAuts
     D:3: 865 daAuts
     D:4: 62 daAuts
